 Dungeon Crawl Stone Soup version 0.31.0-12-g77e489cdc1 (webtiles) character file.

Game seed: 17926460042190531737

41812 Mique the Warrior (level 13, -5/134 HPs)
             Began as a Minotaur Fighter on Feb 15, 2024.
             Was an Elder of Ashenzari.
             Slain by a 15-headed hydra (7 damage)
             ... on level 5 of the Lair of Beasts.
             The game lasted 00:55:24 (16561 turns).

Mique the Warrior (Minotaur Fighter)               Turns: 16561, Time: 00:55:24

Health: -5/134     AC: 25    Str: 29    XL:     13   Next: 82%
Magic:  0/12       EV:  7    Int:  5    God:    Ashenzari [****..]
Gold:   693        SH: 18    Dex:  9    Spells: 12/12 levels left

rFire   + . .        E - +3 hand axe of the Tethered Paranoia {venom, Fort, Self} (curse)
rCold   + . .        l - +0 tower shield of Toth-Mos's Legacy {Cun, Fort} (curse)
rNeg    . . .        d - +1 plate armour
rPois   +            J - +1 hat of Tortelloni {Str+2}
rElec   .            O - scarf {rC+ rF+}
rCorr   .            m - +0 pair of gloves of Ashenzari's Failure {Sorc, Dev} (curse)
SInv    +            (no boots)
Will    .....        i - amulet of the Eye in the Sky {Spirit, Melee, Sorc} (curse) Stlth
                     h - ring "Profound Yoke" {AC+4, Melee, Elem} (curse)
HPRegen 0.42/turn    L - ring "Shackled With Me" {rPois, Self, Range} (curse)
MPRegen 0.13/turn

%: clarity, guardian spirit
@: no status effects
A: horns 2, retaliatory headbutt
a: Renounce Religion, Curse Item, Shatter the Chains


You were on level 5 of the Lair of Beasts.
You worshipped Ashenzari.
Ashenzari was greatly pleased with you.
You visited 2 branches of the dungeon, and saw 14 of its levels.
You also visited: Bailey and Gauntlet.

You collected 981 gold pieces.
You spent 288 gold pieces at shops.

Inventory:

Hand Weapons
 E - the cursed +3 hand axe of the Tethered Paranoia (weapon) {venom, Fort, Self}
   (You took it off an orc on level 5 of the Dungeon)

   It has a curse which improves the following skills: Fortitude: Armour and
   Shields.
   Introspection: Fighting and Spellcasting.
Missiles
 P - 4 throwing nets (quivered)
Armour
 d - a +1 plate armour (worn)
 l - the cursed +0 tower shield of Toth-Mos's Legacy (worn) {Cun, Fort}
   (You found it on level 2 of the Dungeon)

   It has a curse which improves the following skills: Cunning: Dodging and
   Stealth.
   Fortitude: Armour and Shields.
 m - the cursed +0 pair of gloves of Ashenzari's Failure (worn) {Sorc, Dev}
   (You found it on level 2 of the Dungeon)

   It has a curse which improves the following skills: Sorcery: Conjurations and
   Alchemy.
   Devices:   Evocations and Shapeshifting.
 J - the +1 hat of Tortelloni (worn) {Str+2}
   (You found it in a Gauntlet)

   Str+2:     It affects your strength (+2).
 O - a scarf of resistance (worn)
Jewellery
 h - the cursed ring "Profound Yoke" (left hand) {AC+4, Melee, Elem}
   (You found it on level 1 of the Dungeon)

   [ring of protection]

   AC+4:      It affects your AC (+4).
   It has a curse which improves the following skills: Melee Combat: Short
   Blades, Long Blades, Axes, Maces & Flails, Polearms, Staves and Unarmed
   Combat.
   Elements:  Fire Magic, Ice Magic, Air Magic and Earth Magic.
 i - the cursed amulet of the Eye in the Sky (around neck) {Spirit, Melee, Sorc}
   (You found it on level 1 of the Dungeon)

   [amulet of guardian spirit]

   Spirit:    It causes incoming damage to be divided between your reserves of
   health and magic.
   It has a curse which improves the following skills: Melee Combat: Short
   Blades, Long Blades, Axes, Maces & Flails, Polearms, Staves and Unarmed
   Combat.
   Sorcery:   Conjurations and Alchemy.
 r - a ring of protection from fire
 t - a ring of resist corrosion
 w - a ring of ice
 G - an amulet of the acrobat
 I - an amulet of magic regeneration
 L - the cursed ring "Shackled With Me" (right hand) {rPois, Self, Range}
   (You found it on level 8 of the Dungeon)

   [ring of poison resistance]

   rPois:     It protects you from poison It has a curse which improves the
   following skills: Introspection: Fighting and Spellcasting.
   Ranged Combat: Ranged Weapons and Throwing.
 N - a +4 ring of protection
 Q - the amulet "Amuopn" {Reflect rC- Regen+ rCorr Str+5 SH+5}
   (You found it in a Gauntlet)

   [amulet of reflection]

   Reflect:   It reflects blocked missile attacks.
   Str+5:     It affects your strength (+5).
   rC-:       It makes you vulnerable to cold.
   Regen+:    It increases your rate of health regeneration.
   rCorr:     It protects you from acid and corrosion.
   SH+5:      It affects your SH (+5).
 T - a ring of wizardry
 X - the amulet of Feqog {Spirit Stlth+}
   (You took it off a minotaur in a Gauntlet)

   [amulet of guardian spirit]

   Spirit:    It causes incoming damage to be divided between your reserves of
   health and magic.
   Stlth+:    It makes you more stealthy.
 Z - a ring of protection from cold
Wands
 b - a wand of polymorph (12)
 v - a wand of mindburst (15)
 B - a wand of light (17)
 D - a wand of paralysis (19)
 V - a wand of digging (1)
 Y - a wand of roots (3)
Scrolls
 e - 4 scrolls of noise
 f - a scroll of fear
 n - 6 scrolls of vulnerability
 x - 3 scrolls of revelation
 y - 2 scrolls of amnesia
 z - 3 scrolls of enchant armour
 A - a scroll of acquirement
 F - 2 scrolls of immolation
 K - a scroll of poison
 W - a scroll of enchant weapon
Potions
 a - a potion of experience
 g - a potion of lignification
 j - a potion of enlightenment
 k - 4 potions of mutation
 q - a potion of cancellation
 C - 4 potions of brilliance
 H - a potion of attraction
 U - 2 potions of might
Miscellaneous
 u - a sack of spiders (inert)


   Skills:
 + Level 15.5(18.1) Fighting
 + Level 15.2(17.8) Axes
 - Level 14.2(16.8) Armour
 - Level 14.2(16.8) Shields


You had 12 spell levels left.
You didn't know any spells.
Your spell library contained the following spells:

 Spells                   Type           Power      Damage    Failure   Level
 Ensorcelled Hibernation  Hex/Ice        0%         N/A       100%        2
 Call Canine Familiar     Summ           0%         N/A       100%        3
 Fugue of the Fallen      Necr           0%         N/A       100%        3
 Ozocubu's Armour         Ice            0%         N/A       100%        3
 Sigil of Binding         Hex            0%         N/A       100%        3
 Anguish                  Hex/Necr       0%         N/A       100%        4
 Dimensional Bullseye     Hex/Tloc       0%         N/A       100%        4
 Manifold Assault         Tloc           0%         N/A       100%        4
 Dispersal                Tloc           0%         N/A       100%        6
 Disjunction              Tloc           0%         N/A       100%        8


Dungeon Overview and Level Annotations

Branches:
Dungeon (9/15) Zot: 26171  Temple (0/1) D:7            Lair (5/5) D:9 Zot: 23990
 Shoals (0/4) Lair:2        Snake (0/4) Lair:3        Slime (0/5) Lair:5
    Orc (0/2) D:9          Bailey (visited)         Gauntlet (visited)

Altars:
Ashenzari
Vehumet
The Shining One

Shops:
D:1 !   D:6 ?   D:8 (

Annotations:
D:6 1 runed translucent door, dertzug's ghost, novice TrFi


Innate Abilities, Weirdness & Mutations

You have a pair of horns on your head.
You reflexively headbutt those who attack you in melee.


Message History

You are engulfed in calcifying dust.
The catoblepas gores you!
The death yak gores you but does no damage.
You are engulfed in calcifying dust.
The catoblepas breathes a plume of calcifying dust at you.
The blast of calcifying dust hits you. The death yak gores you.
You are engulfed in calcifying dust.
The yak is no longer petrified.
The catoblepas gores you! The death yak gores you! The death yak gores you!!
The catoblepas gores you. The death yak gores you!!
The catoblepas gores you but does no damage.
The catoblepas breathes a plume of calcifying dust at you.
The blast of calcifying dust hits you.
The death yak gores you but does no damage.
The death yak snorts and paws the ground.
The death yak gores you!
You are engulfed in calcifying dust.
The catoblepas gores you!!
* * * LOW HITPOINT WARNING * * *
The death yak gores you but does no damage.
The death yak completely misses you.
You are engulfed in calcifying dust.
The catoblepas breathes a plume of calcifying dust at you.
The blast of calcifying dust hits you but does no damage.
The death yak gores you but does no damage.
The death yak gores you.
* * * LOW HITPOINT WARNING * * *
You turn to flesh and can move again.
Unknown command.
You completely miss the catoblepas. You headbutt the catoblepas!
The catoblepas is heavily wounded.
You slash the death yak! You hit the death yak.
The death yak is poisoned.
You are engulfed in calcifying dust.
You block the catoblepas's attack. The death yak gores you.
* * * LOW HITPOINT WARNING * * *
The death yak barely misses you. You furiously retaliate!
You headbutt the death yak! You barely miss the catoblepas.
The catoblepas is heavily wounded.
You hit the death yak but do no damage.
The death yak looks as sick as possible!
You hit the death yak.
You are engulfed in calcifying dust.
You are slowing down.
You block the death yak's attack. x2
The catoblepas breathes a plume of calcifying dust at you.
The blast of calcifying dust hits you.
* * * LOW HITPOINT WARNING * * *
You hit the catoblepas but do no damage.
The catoblepas looks as sick as possible!
You headbutt the catoblepas, but do no damage.
The catoblepas is heavily wounded.
You hit the death yak.
The death yak is poisoned.
You slash the death yak!
The death yak looks as sick as possible!
You are engulfed in calcifying dust.
Your limbs have turned to stone.
The yak snorts and paws the ground.
The catoblepas gores you.
* * * LOW HITPOINT WARNING * * *
You block the death yak's attack. The death yak gores you!
* * * LOW HITPOINT WARNING * * *
You have turned to stone.
The catoblepas gores you but does no damage.
The death yak gores you!
* * * LOW HITPOINT WARNING * * *
The death yak gores you but does no damage.
The catoblepas gores you!
* * * LOW HITPOINT WARNING * * *
The death yak gores you but does no damage.
The death yak gores you.
* * * LOW HITPOINT WARNING * * *
The catoblepas gores you but does no damage.
The death yak gores you but does no damage.
The death yak gores you!
* * * LOW HITPOINT WARNING * * *
The catoblepas gores you but does no damage.
The death yak gores you!
* * * LOW HITPOINT WARNING * * *
The death yak gores you but does no damage.
The catoblepas gores you!
* * * LOW HITPOINT WARNING * * *
The death yak gores you but does no damage.
The death yak gores you!
* * * LOW HITPOINT WARNING * * *
The catoblepas breathes a plume of calcifying dust at you.
The blast of calcifying dust hits you but does no damage.
The death yak snorts and paws the ground.
The death yak gores you!
* * * LOW HITPOINT WARNING * * *
The death yak gores you but does no damage.
You are engulfed in calcifying dust.
The catoblepas gores you but does no damage.
The death yak gores you!
* * * LOW HITPOINT WARNING * * *
The death yak gores you.
* * * LOW HITPOINT WARNING * * *
You are engulfed in calcifying dust.
The catoblepas gores you but does no damage.
The death yak gores you.
* * * LOW HITPOINT WARNING * * *
The death yak gores you!
* * * LOW HITPOINT WARNING * * *
You turn to flesh and can move again.
Blink to where?
Press: ? - help, Q - select action, (/) - cycle Dir - move target
As you read the scroll of blinking, it crumbles to dust.
You feel much better.
The catoblepas breathes a plume of calcifying dust at you.
The blast of calcifying dust hits the death yak.
The blast of calcifying dust hits you but does no damage.
The death yak is engulfed in calcifying dust.
The death yak stops moving altogether!
The death yak is engulfed in calcifying dust.
The catoblepas breathes a plume of calcifying dust at you.
The blast of calcifying dust hits you but does no damage.
Aiming: Fastroot
Press: ? - help, Q - select action, (/) - cycle Shift-Dir - straight line, f - catoblepas
Aim: a catoblepas (calcifying dust, almost dead, very poisoned)
The roots erupt in riotous growth!
Roots grab the catoblepas.
Roots grab the death yak.
The grasping roots constrict the catoblepas.
The grasping roots constrict the death yak.
You hear a bellow!
The death yak struggles to escape constriction.
The catoblepas struggles to escape constriction.
You hear a bellow!
Aiming: Mindburst
Press: ? - help, Q - select action, (/) - cycle Shift-Dir - straight line, f/p - catoblepas
Aim: a catoblepas (calcifying dust, almost dead, very poisoned, constricted by roots, chance to affect: 6%)
The catoblepas resists with almost no effort.
The grasping roots constrict the catoblepas.
You kill the catoblepas!
The grasping roots constrict the death yak.
The roots release their grip on the death yak.
You are too injured to fight recklessly!
You block the death yak's attack.
You are too injured to fight recklessly!
You are too injured to fight recklessly!
You are too injured to fight recklessly!
You hit the death yak but do no damage.
The death yak is poisoned.
The death yak is lightly wounded.
You slash the yak!
The yak is poisoned.
You block the yak's attack. You block the death yak's attack.
You hit the death yak but do no damage. You headbutt the death yak!
The death yak is lightly wounded.
You barely miss the yak. The yak gores you but does no damage.
You barely miss the death yak.
You headbutt the death yak, but do no damage.
The death yak is lightly wounded.
You slash the yak!
The yak looks as sick as possible!
The death yak gores you!
* * * LOW HITPOINT WARNING * * *
You hit the death yak.
The death yak looks even sicker.
The death yak is moderately wounded.
You hit the yak but do no damage.
The yak looks as sick as possible!
The yak gores you but does no damage. The death yak gores you!!
* * * LOW HITPOINT WARNING * * *
You feel much better. You block the yak's attack. The death yak gores you!
* * * LOW MAGIC WARNING * * *;
* * * LOW HITPOINT WARNING * * *
You feel much better. The yak gores you.
* * * LOW HITPOINT WARNING * * *
You block the death yak's attack.
You fade into invisibility!
You block the yak's attack.
The death yak gores you but does no damage.
You kill the yak!
The death yak snorts and paws the ground.
You block the death yak's attack.
You slash the death yak!
The death yak looks as sick as possible!
The death yak is heavily wounded.
You slash the death yak!
The death yak is severely wounded.
You block the death yak's attack.
You strike the helpless death yak from behind!
You hit the death yak but do no damage.
The death yak looks as sick as possible!
You headbutt the death yak, but do no damage.
The death yak is severely wounded.
You block the death yak's attack.
The yak snorts and paws the ground.
You catch the helpless death yak completely off-guard!
You hit the death yak but do no damage.
The death yak looks as sick as possible!
You headbutt the death yak, but do no damage.
The death yak is severely wounded.
You catch the helpless death yak completely off-guard!
You hit the death yak but do no damage.
The death yak is poisoned.
You catch the helpless death yak completely off-guard!
You hit the death yak but do no damage.
The death yak looks as sick as possible!
The death yak is severely wounded.
You slash the death yak!
The death yak looks as sick as possible!
You block the death yak's attack. x2
You hit the death yak but do no damage.
The death yak looks as sick as possible!
The death yak is severely wounded.
You slash the death yak! The death yak closely misses you.
You furiously retaliate!
You headbutt the death yak! The death yak closely misses you.
You barely miss the death yak. You headbutt the death yak.
The death yak is almost dead.
You hit the death yak but do no damage.
The death yak looks as sick as possible!
You block the death yak's attack. You block the yak's attack.
You slash the yak!
The yak looks as sick as possible!
The yak is moderately wounded.
You hit the death yak. You hit the death yak but do no damage.
The death yak looks as sick as possible!
You kill the death yak!
Your base Axes skill increases to level 15!
You strike the helpless yak from behind!
You slash the yak!
The yak looks as sick as possible!
The yak is severely wounded.
You hit the death yak but do no damage. You block the yak's attack.
You slash the yak!
You kill the yak!
You barely miss the death yak.
The death yak gores you but does no damage.
You slash the death yak!
The death yak is severely wounded.
You catch the helpless death yak completely off-guard!
You hit the death yak.
The death yak looks as sick as possible!
You headbutt the death yak.
The death yak is severely wounded.
The death yak closely misses you.
You slash the death yak!
The death yak looks as sick as possible!
Your headbutt misses the death yak.
The death yak is almost dead.
You block the death yak's attack.
You hit the death yak but do no damage.
The death yak looks as sick as possible!
The death yak is almost dead.
You catch the helpless death yak completely off-guard!
You hit the death yak.
The death yak looks as sick as possible!
The death yak is almost dead.
The death yak gores you.
* * * LOW HITPOINT WARNING * * *
You slash the death yak!
You kill the death yak!
You start resting.
You flicker for a moment.
You start resting.
You flicker back into view.
You start resting.
Magic restored.
HP restored.
Found a stone staircase leading up.
Found a +0 cloak.
Found a scroll of identify.
A jelly comes into view.
The jelly quivers.
A slime creature comes into view.
Found a staircase to the Slime Pits.
The slime creature quivers.
You block the jelly's attack.
You hit the jelly.
The jelly is poisoned.
Your hands burn!
Your headbutt misses the jelly.
The jelly is moderately wounded.
You slash the jelly!
You kill the jelly!
Found a book of the Hunter.
You slash the slime creature!
The slime creature is poisoned.
The slime creature is lightly wounded.
The slime creature jiggles.
You block the slime creature's attack.
You slash the slime creature! You headbutt the slime creature!
The slime creature is heavily wounded.
You block the slime creature's attack.
You slash the slime creature!
The slime creature looks as sick as possible!
You headbutt the slime creature!
The slime creature is almost dead.
You slash the slime creature!
You kill the slime creature!
No target in view!
A jelly comes into view.
The jelly quivers.
The jelly moves out of view.
You see here 13 gold pieces.
A jelly is nearby!
You now have 693 gold pieces (gained 13).
A jelly is nearby!
A slime creature comes into view.
The slime creature quivers.
You slash the jelly!
Your hands burn!
You headbutt the jelly.
You kill the jelly!
You slice the slime creature!!
The slime creature is poisoned.
The slime creature is moderately wounded.
You barely miss the slime creature.
The slime creature is moderately wounded.
You block the slime creature's attack.
You slice the slime creature!! You headbutt the slime creature!
The slime creature is almost dead.
You block the slime creature's attack.
You slash the slime creature!
You kill the slime creature!
No target in view!
No target in view!
No target in view!
No target in view!
No target in view!
No target in view!
No target in view!
No target in view!
No target in view!
No target in view!
No target in view!
Found a +0 robe.
No target in view!
You see here a +0 dagger of venom.
A cane toad and a seven-headed hydra come into view.
The cane toad gives a loud, deep croak!
The seven-headed hydra roars!
A komodo dragon comes into view.
The komodo dragon hisses angrily.
A water moccasin comes into view.
You slash the cane toad!
The cane toad is moderately wounded.
You closely miss the cane toad.
The cane toad is moderately wounded.
You completely miss the seven-headed hydra.
The cane toad closely misses you. You furiously retaliate!
You headbutt the cane toad!
You block the seven-headed hydra's attack.
The seven-headed hydra completely misses you.
You block the seven-headed hydra's attack.
The seven-headed hydra barely misses you.
The seven-headed hydra bites you.
You block the seven-headed hydra's attack.
The seven-headed hydra bites you but does no damage.
You barely miss the cane toad.
The cane toad is severely wounded.
You lop one of the seven-headed hydra's heads off!
The six-headed hydra grows two more!
You hit the eight-headed hydra.
The eight-headed hydra is poisoned.
You block the cane toad's attack.
You block the eight-headed hydra's attack. x3
The eight-headed hydra bites you but does no damage. x5
You slash the cane toad!
You headbutt the cane toad, but do no damage.
The cane toad is almost dead.
You hack one of the eight-headed hydra's heads off!
The seven-headed hydra grows two more!
You hit the nine-headed hydra.
The nine-headed hydra looks as sick as possible!
You block the cane toad's attack.
You closely miss the cane toad.
The cane toad is almost dead.
You barely miss the nine-headed hydra.
You block the nine-headed hydra's attack.
The nine-headed hydra bites you!
You block the nine-headed hydra's attack.
The nine-headed hydra bites you but does no damage.
The nine-headed hydra bites you.
The nine-headed hydra bites you but does no damage. x2
You block the nine-headed hydra's attack. x2
The cane toad stings you but does no damage.
You hit the cane toad.
You kill the cane toad!
You hit the nine-headed hydra.
The nine-headed hydra looks as sick as possible!
The nine-headed hydra bites you but does no damage.
You block the nine-headed hydra's attack.
The nine-headed hydra bites you but does no damage. x3
You block the nine-headed hydra's attack. x2
The nine-headed hydra bites you but does no damage.
You block the nine-headed hydra's attack.
You chop one of the nine-headed hydra's heads off!
The eight-headed hydra grows two more!
You hit the ten-headed hydra.
The ten-headed hydra is lightly wounded.
You barely miss the water moccasin. You slash the komodo dragon!
The komodo dragon is poisoned.
You block the water moccasin's attack.
You hit the komodo dragon.
The komodo dragon looks as sick as possible!
You headbutt the komodo dragon.
The komodo dragon is heavily wounded.
You hit the water moccasin.
You hack one of the ten-headed hydra's heads off!
The nine-headed hydra grows two more!
You hit the 11-headed hydra. You block the komodo dragon's attack.
You block the 11-headed hydra's attack. The 11-headed hydra bites you!
The 11-headed hydra bites you but does no damage.
The 11-headed hydra bites you! The 11-headed hydra bites you.
You block the 11-headed hydra's attack.
The 11-headed hydra bites you but does no damage. x3
You block the 11-headed hydra's attack.
The 11-headed hydra bites you but does no damage.
The water moccasin barely misses you.
You slash the komodo dragon!
The komodo dragon looks as sick as possible!
You headbutt the komodo dragon.
You kill the komodo dragon!
You hit the water moccasin but do no damage.
You lop one of the 11-headed hydra's heads off!
The ten-headed hydra grows two more!
You hit the 12-headed hydra. You block the water moccasin's attack.
The 12-headed hydra barely misses you. You furiously retaliate!
You headbutt the 12-headed hydra.
You block the 12-headed hydra's attack. x2
The 12-headed hydra bites you but does no damage.
You block the 12-headed hydra's attack.
The 12-headed hydra bites you but does no damage. x2
The 12-headed hydra completely misses you.
The 12-headed hydra bites you.
The 12-headed hydra bites you but does no damage.
The 12-headed hydra barely misses you. x2
You lop one of the 12-headed hydra's heads off!
The 11-headed hydra grows two more!
You slice the 13-headed hydra!! You headbutt the 13-headed hydra!
The 13-headed hydra is moderately wounded.
You miss the water moccasin. You block the water moccasin's attack.
You lop one of the 13-headed hydra's heads off!
The 12-headed hydra grows two more!
You slice the 14-headed hydra!!
The 14-headed hydra looks as sick as possible!
You headbutt the 14-headed hydra!
The 14-headed hydra is severely wounded.
You slash the water moccasin!
The 14-headed hydra bites you but does no damage.
You block the 14-headed hydra's attack. The 14-headed hydra bites you!
The 14-headed hydra bites you but does no damage.
You block the 14-headed hydra's attack. x3; The 14-headed hydra bites you!
The 14-headed hydra bites you but does no damage. x2
The 14-headed hydra bites you. The 14-headed hydra bites you!
* * * LOW HITPOINT WARNING * * *
The 14-headed hydra bites you but does no damage. x2
The water moccasin bites you but does no damage.
You are too injured to fight recklessly!
You are too injured to fight recklessly!
You are too injured to fight recklessly!
You are too injured to fight recklessly!
You are too injured to fight recklessly!
You are too injured to fight recklessly!
You are too injured to fight recklessly!
You are too injured to fight recklessly!
You are too injured to fight recklessly!
You are too injured to fight recklessly!
You are too injured to fight recklessly!
You are too injured to fight recklessly!
You are too injured to fight recklessly!
You are too injured to fight recklessly!
You are too injured to fight recklessly!
You are too injured to fight recklessly!
You are too injured to fight recklessly!
You reach into the sack... ...and things crawl out!
The sack is emptied!
You block the 14-headed hydra's attack.
The 14-headed hydra bites you but does no damage.
The 14-headed hydra bites you.
* * * LOW HITPOINT WARNING * * *
The 14-headed hydra bites you.
* * * LOW HITPOINT WARNING * * *
You block the 14-headed hydra's attack.
The 14-headed hydra bites you but does no damage. x2
The 14-headed hydra closely misses you.
You block the 14-headed hydra's attack. x2
The 14-headed hydra bites you but does no damage.
The 14-headed hydra bites you.
* * * LOW HITPOINT WARNING * * *
The 14-headed hydra closely misses you. x2
The water moccasin bites you but does no damage.
Aiming: Mindburst
Press: ? - help, Q - select action, (/) - cycle Shift-Dir - straight line, f - 14-headed hydra
Aim: a 14-headed hydra (severely wounded, extremely poisoned, ally target, chance to affect: 29%)
The 14-headed hydra easily resists.
You block the water moccasin's attack. You block the 14-headed hydra's attack.
The 14-headed hydra bites you!
* * * LOW HITPOINT WARNING * * *
The 14-headed hydra bites you.
* * * LOW HITPOINT WARNING * * *
The 14-headed hydra bites you but does no damage.
You block the 14-headed hydra's attack. x2
The 14-headed hydra bites you but does no damage. x4
The 14-headed hydra bites you.
* * * LOW HITPOINT WARNING * * *
The 14-headed hydra bites you but does no damage. x2
The 14-headed hydra bites you!
* * * LOW HITPOINT WARNING * * *
Your scorpion stings the 14-headed hydra!
The water moccasin bites you but does no damage.
Your scorpion stings the water moccasin.
The water moccasin bites your scorpion!
Your scorpion is poisoned.
The water moccasin poisons your scorpion!
Your scorpion stings the 14-headed hydra!
You chop one of the 14-headed hydra's heads off!
The 13-headed hydra grows two more!
You hit the 15-headed hydra. You headbutt the 15-headed hydra!
The 15-headed hydra is almost dead.
The 15-headed hydra bites you but does no damage.
You block the 15-headed hydra's attack.
The 15-headed hydra bites you but does no damage.
You block the 15-headed hydra's attack. x3; The 15-headed hydra bites you!
* * * LOW HITPOINT WARNING * * *
The 15-headed hydra bites you but does no damage.
The 15-headed hydra bites you.
* * * LOW HITPOINT WARNING * * *
The 15-headed hydra bites you but does no damage.
The 15-headed hydra bites you!
* * * LOW HITPOINT WARNING * * *
The 15-headed hydra bites you but does no damage.
The 15-headed hydra bites you.
* * * LOW HITPOINT WARNING * * *
The 15-headed hydra bites you!
* * * LOW MAGIC WARNING * * *
You die...

.......*,#.............#*
......#.#..............#,
......##................*
.....##................#*
.....##....#...........#
.....P....##..........#**
.........###....S.....#,*
..........#..##sDs...#.#*
..##.##....##*##@......#
###.####....# ##....####
# ### #....####.#P.## #
####..#...#### ##
#.#...### .# ##.#..P#
#### #####..#### .#.#
#..#......# #..##
###.........##


You could see a 15-headed hydra (extremely poisoned, ally target), a water
moccasin (distracted, ally target) and 2 friendly scorpions.

Vanquished Creatures
  The ghost of Befuwnopp the Grappler, a journeyman TrHu of Cheibriados (Lair:3)
  A minotaur (Gauntlet)
  Snorg (Lair:5)
  A hydra (Lair:4)
  2 catoblepae (Lair:5)
  A boulder beetle (Lair:4)
  7 death yaks
  A lindwurm (Lair:3)
  3 manticores
  A moth of wrath (Gauntlet)
  9 black mambas
  11 elephants (Lair:4)
  A merfolk siren (Lair:2)
  Maggie (D:8)
  9 cane toads
  4 rime drakes
  4 komodo dragons
  2 polar bears
  3 merfolk (Lair:2)
  4 hornets
  A raiju (Gauntlet)
  12 blink frogs
  Sigmund (D:3)
  2 slime creatures (Lair:5)
  4 wyverns
  3 wraiths
  17 yaks
  2 redbacks (Gauntlet)
  3 basilisks
  A vampire mosquito (D:8)
  6 steam dragons
  An acid dragon (D:8)
  3 small abominations (Gauntlet)
  15 water moccasins
  2 ice beasts
  18 orc warriors
  3 sky beasts
  3 black bears
  14 centaurs
  5 wolves
  2 phantoms
  3 kobold brigands
  A gnoll sergeant (D:9)
  14 bullfrogs
  6 scorpions
  7 wights
  7 killer bees
  A troll zombie (D:9)
  2 howler monkeys (D:8)
  2 electric eels
  3 bombardier beetles
  2 hounds
  4 jellies
  5 orc priests
  13 orc wizards
  Ijyb (D:4)
  3 sleepcaps
  3 iguanas
  6 hell rats (Lair:3)
  7 ogre zombies (D:9)
  3 gnolls (D:9)
  9 adders
  11 river rats (Lair:3)
  3 shadow imps
  5 dart slugs
  A ribbon worm (D:3)
  61 orcs
  6 endoplasms
  5 giant cockroaches
  7 goblins
  6 hobgoblins
  4 jackals (D:2)
  8 quokkas
  7 ball pythons
  3 bats
  3 frilled lizards
  4 gnoll skeletons (D:9)
  2 gnoll zombies (D:9)
  9 kobolds
  2 orc skeletons (D:9)
  17 orc zombies (D:9)
  13 rats
464 creatures vanquished.

Vanquished Creatures (collateral kills)
  A wolf (Lair:4)
1 creature vanquished.

Vanquished Creatures (others)
  A wight (D:7)
  An orc (Bailey)
2 creatures vanquished.

Grand Total: 467 creatures vanquished

Notes
Turn   | Place    | Note
-------+----------+-------------------------------------------
     0 | D:1      | Mique the Minotaur Fighter began the quest for the Orb.
     0 | D:1      | Reached XP level 1. HP: 19/19 MP: 0/0
   119 | D:1      | Reached XP level 2. HP: 25/27 MP: 1/1
   278 | D:1      | Found Osonuca's Distillery.
   673 | D:2      | Reached XP level 3. HP: 32/33 MP: 2/2
   982 | D:2      | Found a faded altar of an unknown god.
   994 | D:2      | Prayed at the altar of an unknown god.
   994 | D:2      | Became a worshipper of Ashenzari the Shackled
  1207 | D:2      | You fall into a shaft and drop 1 floor!
  1304 | D:3      | Found a radiant altar of Vehumet.
  1312 | D:3      | Found a glowing golden altar of the Shining One.
  1364 | D:3      | Reached XP level 4. HP: 34/41 MP: 3/3
  1588 | D:3      | Noticed Sigmund
  1589 | D:3      | Reached * piety under Ashenzari
  1598 | D:3      | Killed Sigmund
  1599 | D:3      | Reached skill level 5 in Fighting
  1599 | D:3      | Reached skill level 5 in Axes
  1599 | D:3      | Reached XP level 5. HP: 41/50 MP: 2/4
  1628 | D:3      | Noticed a black bear
  1637 | D:3      | Reached XP level 6. HP: 47/57 MP: 5/5
  2500 | D:4      | Noticed Ijyb
  2504 | D:4      | Reached XP level 7. HP: 61/66 MP: 4/6
  2516 | D:4      | Killed Ijyb
  2912 | D:4      | Reached ** piety under Ashenzari
  3312 | D:5      | Entered Level 5 of the Dungeon
  3387 | D:5      | Reached skill level 5 in Armour
  3387 | D:5      | Reached skill level 5 in Shields
  3387 | D:5      | Reached XP level 8. HP: 63/74 MP: 5/7
  3534 | D:5      | Identified a scroll of acquirement
  4036 | D:6      | Found Nieh's Magic Scroll Emporium.
  4312 | D:6      | Found a runed translucent door.
  4313 | D:6      | Noticed dertzug's ghost (novice TrFi)
  5382 | D:7      | Noticed a manticore
  5395 | D:7      | Reached XP level 9. HP: 73/82 MP: 6/8
  5402 | D:7      | Killed a manticore
  5443 | D:7      | Reached skill level 10 in Fighting
  5444 | D:7      | Reached skill level 10 in Axes
  5582 | D:7      | Paralysed by a hornet for 2 turns
  5585 | D:7      | Reached XP level 10. HP: 70/95 MP: 6/9
  5857 | D:7      | Found a staircase to the Ecumenical Temple.
  6064 | D:1      | Bought a potion of curing for 36 gold pieces
  6064 | D:1      | Bought a potion of berserk rage for 60 gold pieces
  6064 | D:1      | Bought a potion of resistance for 120 gold pieces
  6064 | D:1      | Bought 2 potions of curing for 72 gold pieces
  6290 | D:8      | Found Ufihoss's Antique Weapon Emporium.
  6500 | D:8      | Noticed Maggie
  6520 | D:8      | Killed Maggie
  6750 | D:8      | Found a flagged portal.
  6764 | Bailey   | Entered a bailey
  7789 | D:8      | Reached XP level 11. HP: 104/107 MP: 10/10
  8284 | D:8      | Identified the +6 mace of Igariahi {elec, rPois Int+5}
  8598 | D:8      | Reached *** piety under Ashenzari
  9119 | D:9      | Found a staircase to the Orcish Mines.
  9242 | D:9      | Reached **** piety under Ashenzari
  9313 | D:9      | Identified the +4 falchion "Esootab" {flame, Dex+4}
  9463 | D:9      | Found a staircase to the Lair.
  9734 | Lair:1   | Entered Level 1 of the Lair of Beasts
  9955 | Lair:1   | Identified the +1 ring mail of Yranladias {rElec}
 10109 | Lair:1   | Identified the +0 chain mail of the Blue Moon {Will+ Regen+
                  | Dex+3}
 10124 | Lair:1   | Reached skill level 10 in Armour
 10124 | Lair:1   | Reached skill level 10 in Shields
 11115 | Lair:2   | Found a staircase to the Shoals.
 11553 | Lair:2   | Reached XP level 12. HP: 122/122 MP: 11/11
 11615 | Lair:2   | Found a frozen archway.
 11904 | Lair:3   | Noticed a death yak
 11904 | Lair:3   | Noticed a death yak
 11904 | Lair:3   | Noticed a death yak
 11915 | Lair:3   | Killed a death yak
 11922 | Lair:3   | Killed a death yak
 11925 | Lair:3   | Killed a death yak
 12094 | Lair:3   | Found a runed translucent door.
 12101 | Lair:3   | Noticed Befuwnopp's ghost (journeyman TrHu)
 12195 | Lair:3   | Found a staircase to the Snake Pit.
 13382 | Lair:3   | Killed Befuwnopp's ghost
 13833 | Lair:4   | Reached XP level 13. HP: 120/128 MP: 10/12
 13936 | Lair:4   | HP: 6/128 [poisoned by a black mamba]
 14161 | Lair:4   | Found a gate leading to a gauntlet.
 14184 | Gauntlet | Entered a Gauntlet
 14184 | Gauntlet | Found a transporter.
 14190 | Gauntlet | Identified the +1 cloak "Uvvajam" {rN+ Int+2 Dex+5}
 14192 | Gauntlet | Found a transporter.
 14194 | Gauntlet | Found a transporter.
 14205 | Gauntlet | Found a transporter.
 14208 | Gauntlet | Found a transporter.
 14215 | Gauntlet | Identified the +1 hat of Tortelloni {Str+2}
 14217 | Gauntlet | Found a transporter.
 14217 | Gauntlet | Identified the amulet "Amuopn" {Reflect rC- Regen+ rCorr
                  | Str+5 SH+5}
 14232 | Gauntlet | Found a runed translucent gate.
 14233 | Gauntlet | Found a transporter.
 14233 | Gauntlet | Found a runed translucent gate.
 14234 | Gauntlet | Found a runed translucent gate.
 14240 | Gauntlet | Found a runed translucent door.
 14244 | Gauntlet | Found a transporter.
 14245 | Gauntlet | Identified the +3 cloak "Ujicij" {rPois rC+}
 14253 | Gauntlet | Found a transporter.
 14272 | Gauntlet | Found a transporter.
 14272 | Gauntlet | Found a transporter.
 14274 | Gauntlet | Found a transporter.
 14397 | Gauntlet | Found a transporter.
 14449 | Gauntlet | Found a transporter.
 14557 | Gauntlet | Identified the amulet of Feqog {Spirit Stlth+}
 14557 | Gauntlet | Noticed a minotaur
 14577 | Gauntlet | Killed a minotaur
 15790 | Lair:5   | Entered Level 5 of the Lair of Beasts
 15791 | Lair:5   | Noticed Snorg
 15809 | Lair:5   | Killed Snorg
 16038 | Lair:5   | Reached skill level 15 in Fighting
 16120 | Lair:5   | HP: 4/134 [death yak (7)]
 16169 | Lair:5   | Reached skill level 15 in Axes
 16415 | Lair:5   | Found a staircase to the Slime Pits.
 16561 | Lair:5   | HP: 2/134 [15-headed hydra (6)]
 16561 | Lair:5   | Slain by a 15-headed hydra

Illustrated notes

Levels and vault maps discovered:
D:1:      evilmike_arrival_plus, layout_basic, serial_shops,
          nicolae_shop_real_fake_doors
D:2:      minmay_evil_eye, layout_basic, ebering_ecumenical_altar_sacrificial,
          reono_crystal_passage, interstate_on_off, minmay_unequal
D:3:      layout_basic, mainiacjoe_overflow_large_starburst, item_on_display_a,
          uniq_sigmund
D:4:      layout_cave_pods, uniq_ijyb
D:5:      layout_rooms
D:6:      layout_layer_cave, ebering_ghost_sewer_d, serial_shops,
          nicolae_shop_crystal
D:7:      cheibrodos_barr_body, layout_rooms,
          minmay_temple_entry_gardened_gates, minmay_between
D:8:      minmay_imperfect_grid, layout_basic, serial_rivers,
          chequers_serial_rivers_marsh, chequers_serial_rivers_micro_a,
          chequers_serial_rivers_room_b, chequers_serial_rivers_micro_c,
          chequers_serial_rivers_micro_c, chequers_serial_rivers_micro_a,
          serial_shops, shop, enter_bailey_3, uniq_maggie
D:9:      layout_basic, lair_entry_dummy, zombieorc2_lemuel
Lair:1:   layout_concentric_octagons, grunt_megastairs_2, serial_bayou_shore_b,
          serial_bayou_shore_a, lemuel_fruit_tree
Lair:2:   layout_regular_city, elwin_shoals_entry_stream,
          portal_ice_cave_entry_ice_simulacra, infiniplex_staircase_pool
Lair:3:   lemuel_ratsnest, layout_misc_corridors,
          minmay_snake_entry_six_corridors, ebering_ghost_reflecting_pool
Lair:4:   layout_gridlike, gauntlet_entry_generic
Lair:5:   evilmike_catoblepas_cave, layout_cave_pods,
          minmay_slime_entry_pillars, grunt_megastairs_4, uniq_snorg

Skill      XL: |  1  2  3  4  5  6  7  8  9 10 11 12 13 |
---------------+----------------------------------------+-----
Armour         | 4 5 7 11 14 | 14.2
Fighting       | 4 5 7 8 11 13 15 | 15.5
Shields        | 4 5 7 11 14 | 14.2
Axes           | 3 5 6 7 8 10 12 15 | 15.2

Action                     |  1- 3 |  4- 6 |  7- 9 | 10-12 | 13-15 || total
---------------------------+-------+-------+-------+-------+-------++-------
  Melee: War axe           |    86 |    61 |   113 |       |       ||   260
         Headbutt          |     6 |     3 |    41 |   179 |   100 ||   329
         Hand axe          |       |       |   127 |   865 |   293 ||  1285
 Invoke: Curse Item        |     1 |     1 |     2 |     4 |       ||     8
         Shatter the Chain |       |       |     1 |     1 |       ||     2
  Evoke: Wand              |       |       |       |       |     4 ||     4
         Sack of spiders   |       |       |       |       |     2 ||     2
    Use: Potion            |       |       |     7 |    12 |    11 ||    30
         Scroll            |       |       |     4 |     2 |     6 ||    12
   Stab: Invisible         |       |       |       |       |     7 ||     7
 Armour: Scale mail        |    61 |    48 |   166 |       |       ||   275
         Plate armour      |       |       |     7 |   572 |   426 ||  1005
  Dodge: Dodged            |    33 |    19 |    64 |   148 |    68 ||   332
  Block: Buckler           |     5 |       |       |       |       ||     5
         Tower shield      |    37 |    52 |   223 |   697 |   312 ||  1321
